 Dungeon Crawl Stone Soup version 0.31-a0-183-g4352c244c2 (webtiles) character file.

Game seed: 15310145665560165986

1888 Ijustatesigmund the Stinger (level 9, -1/82 HPs)
             Began as an Octopode Venom Mage on June 22, 2023.
             Was an Initiate of Vehumet.
             Slain by an ice beast (3 damage)
             ... on level 6 of the Dungeon.
             The game lasted 00:15:45 (10079 turns).

Ijustatesigmund the Stinger (Octopode Venom Mage)  Turns: 10079, Time: 00:15:45

Health: -1/82      AC: 24    Str:  7    XL:     9   Next: 15%
Magic:  4/17       EV:  2    Int: 22    God:    Vehumet [......]
Gold:   256        SH:  0    Dex: 18    Spells: 5/18 levels left

rFire   . . .        f - +1 mace (protect)
rCold   . . .        (no shield)
rNeg    . . .        (helmet currently unavailable)
rPois   +            (no amulet)
rElec   .            r - +6 ring of dexterity
rCorr   .            (no ring)
SInv    .            (no ring)
Will    .....        (no ring)
Stlth   ++           (no ring)
HPRegen 0.33/turn    (no ring)
MPRegen 0.15/turn    (no ring)
                     (no ring)

%: no passive effects
@: tree-form, hasted, very quick
A: stationary, stasis, torment immunity, boosted hp, almost no armour,
(amphibious), 8 rings, (camouflage 1), (gelatinous body 1), (nimble swimmer 1),
(tentacles)
a: Renounce Religion


You were on level 6 of the Dungeon.
You worshipped Vehumet.
Vehumet was noncommittal.
You were a tree.
You visited 2 branches of the dungeon, and saw 7 of its levels.
You also visited: Ossuary.

You collected 256 gold pieces.

Inventory:

Hand Weapons
 b - a +0 spear
 f - a +1 mace of protection (weapon)
Jewellery
 g - a ring of flight
 r - a +6 ring of dexterity (left branch)
Wands
 k - a wand of mindburst (3)
Scrolls
 i - a scroll of enchant weapon
 j - a scroll of immolation {unknown}
 m - 2 scrolls of poison
 n - 4 scrolls of identify
 o - a scroll of fear {unknown}
 q - a scroll of torment {unknown}
 t - a scroll of enchant armour {unknown}
Potions
 a - 3 potions of magic
 e - a potion of cancellation
 h - 2 potions of enlightenment
 l - 2 potions of mutation
 p - a potion of attraction


   Skills:
 - Level 2.3 Fighting
 - Level 2.0 Dodging
 - Level 2.6 Stealth
 + Level 5.4 Spellcasting
 + Level 5.1 Conjurations
 - Level 1.0 Transmutations
 + Level 2.1 Ice Magic
 + Level 5.2 Air Magic
 + Level 7.6 Poison Magic


You had 5 spell levels left.
You knew the following spells:

 Your Spells              Type           Power      Damage    Failure   Level
a - Magic Dart            Conj           100%       1d8       1%          1
b - Poisonous Vapours     Pois/Air       68%        N/A       1%          2
c - Mephitic Cloud        Conj/Pois/Air  32%        N/A       2%          3
d - Olgreb's Toxic Radia  Pois           39%        N/A       4%          4
e - Frozen Ramparts       Ice            30%        1d5       12%         3

Your spell library contained the following spells:

 Spells                   Type           Power      Damage    Failure   Level
 Sting                    Tmut/Pois      100%       1d8       1%          1
 Searing Ray              Conj           56%        2d6       1%          2
 Freeze                   Ice            60%        1d7       4%          1
 Hailstorm                Conj/Ice       21%        3d6       7%          3
 Vhi's Electric Charge    Tloc/Air       34%        N/A       10%         3
 Scorch                   Fire           10%        2d5       14%         2
 Flame Wave               Conj/Fire      17%        2d7       32%         4
 Fulminant Prism          Conj/Hex       8%         3d7       32%         4
 Metabolic Englaciation   Hex/Ice        5%         N/A       87%         5
 Summon Cactus Giant      Summ           2%         N/A       100%        6
 Chain Lightning          Conj/Air       14%        3d18      100%        9


Dungeon Overview and Level Annotations

Branches:
Dungeon (6/15)             Temple (1/1) D:4         Ossuary (visited)

Altars:
Ashenzari
Cheibriados
Fedhas
Gozag
Hepliaklqana
Kikubaaqudgha
Makhleb
Nemelex Xobeh
Okawaru
Qazlal
Ru
Trog
Uskayaw
Vehumet
Wu Jian
Xom
Yredelemnul
Zin

Shops:
D:6 (

Annotations:
D:3 Grinder
D:5 3 runed translucent doors, Eddy6969's ghost, novice DrCj


Innate Abilities, Weirdness & Mutations

You are a tree.
Your roots penetrate the ground, keeping you stationary.
You cannot be teleported.
You are immune to unholy pain and torment.
Your maximum health is greatly increased.
You cannot wear most types of armour.
((You are amphibious.))
You can wear up to eight rings at the same time.
((Your skin changes colour to match your surroundings (Stealth+).))
((Your rubbery body absorbs attacks. (AC +1, EV +1)))
((You are camouflaged when in or above water. (Stealth+)))
((You have tentacles for arms and can constrict up to eight enemies at once.))


Message History

The howler monkey looks even sicker.
The scorpion looks even sicker.
The ice beast hits you but does no damage.
Unknown command.
You closely miss the ice beast.
The ice beast is severely wounded.
The howler monkey looks as sick as possible!
The scorpion looks even sicker.
Your toxic aura wanes.
You kill the scorpion!
Vehumet accepts your kill.
The ice beast hits you but does no damage. x2
The howler monkey hoots and howls with incredible vigour!
You hear a shout!
You barely miss the ice beast.
The ice beast is severely wounded.
The ice beast hits you but does no damage.
Unknown command.
You barely miss the ice beast.
The ice beast is severely wounded.
You kill the howler monkey!
Vehumet accepts your kill.
The ice beast hits you but does no damage. x2
An orc wizard comes into view. It is wielding a +0 dagger.
Unknown command.
Casting: Olgreb's Toxic Radiance (dangerous; 4% risk of failure)
Confirm with . or Enter, or press ? or * to list all spells.
You begin to radiate toxic energy.
The orc wizard is poisoned.
The orc wizard looks even sicker.
The orc wizard gestures wildly while chanting.
The orc wizard flickers and vanishes!
Deactivating autopickup; reactivate with Ctrl-A.
The ice beast hits you.
* * * LOW HITPOINT WARNING * * *
The ice beast freezes you.
* * * LOW HITPOINT WARNING * * *
The ice beast hits you but does no damage.
It was a potion of haste.
You feel yourself speed up.
Your toxic aura wanes.
The ice beast hits you.
You die...

.## ..# .## ############
.## #..........######
..# #.#..............
.## #.#.####.....####
.######.#.#( ##...## .#
).#.......#.. ##.## ..#
..#.......##.. #♣# ..#
..#........##Y'#Y#'.#
..#.........###.J.#
.##.............8.......
.##'####....###..†###...
.##...##...## +#.#' .
..........## #.#.
..........# #.##.
.......)..# ...


You could see an ice beast and a jelly.

Vanquished Creatures
  Pikel (D:4)
  A water moccasin (D:6)
  2 ice beasts (D:5)
  2 orc warriors
  A black bear (D:6)
  2 lemures (D:4)
  A bullfrog (D:6)
  2 scorpions
  A killer bee (D:6)
  A howler monkey (D:6)
  A hound (D:5)
  A gnoll bouda (D:6)
  An orc priest (D:6)
  Jessica (D:2)
  2 iguanas (D:4)
  3 orc wizards (D:6)
  A sleepcap (D:5)
  14 mummies
  3 gnolls (D:5)
  7 adders
  A shadow imp (D:5)
  4 dart slugs
  8 orcs
  6 endoplasms
  3 giant cockroaches
  4 goblins
  7 hobgoblins
  8 jackals
  10 kobolds
  3 quokkas
  7 ball pythons
  4 bats
  6 frilled lizards
  2 gnoll skeletons (Ossuary)
  2 goblin skeletons (Ossuary)
  4 orc skeletons (Ossuary)
  7 rats
  11 rat skeletons (Ossuary)
145 creatures vanquished.

Notes
Turn   | Place    | Note
-------+----------+-------------------------------------------
     0 | D:1      | Ijustatesigmund the Octopode Venom Mage began the quest for
                  | the Orb.
     0 | D:1      | Reached XP level 1. HP: 11/11 MP: 3/3
   322 | D:1      | Reached XP level 2. HP: 18/18 MP: 3/5
   325 | D:1      | Learned a level 2 spell: Poisonous Vapours
   417 | D:1      | Reached skill level 1 in Fighting
   486 | D:1      | Reached skill level 4 in Poison Magic
   763 | D:1      | Reached XP level 3. HP: 22/23 MP: 6/6
   767 | D:1      | Learned a level 3 spell: Mephitic Cloud
  1139 | D:2      | Reached skill level 1 in Air Magic
  1306 | D:2      | Noticed Jessica
  1310 | D:2      | Killed Jessica
  1311 | D:2      | Reached XP level 4. HP: 22/28 MP: 3/7
  1721 | D:2      | Reached skill level 1 in Conjurations
  2079 | D:2      | Reached XP level 5. HP: 29/34 MP: 1/9
  2458 | D:2      | Identified the +1 leather armour "Uloav" {Harm Int+3}
  2656 | D:3      | Found a hide-covered altar of Uskayaw.
  3001 | D:3      | Identified the +1 cloak of the Thistle {rPois MP+9 Str+3
                  | Dex+2}
  3165 | D:3      | Identified the +0 ring mail "Kibbob" {Rampage +Inv rPois
                  | Int-2 Dex+7}
  3283 | D:3      | Learned a level 1 spell: Magic Dart
  3807 | D:3      | Noticed Grinder
  4113 | D:4      | Found a staircase to the Ecumenical Temple.
  4219 | Temple   | Entered the Ecumenical Temple
  4569 | D:4      | Noticed a lemure
  4592 | D:4      | Killed a lemure
  4855 | D:4      | Noticed a lemure
  4870 | D:4      | Killed a lemure
  4918 | D:4      | Learned a level 4 spell: Olgreb's Toxic Radiance
  4968 | D:4      | Noticed Pikel
  4974 | D:4      | Noticed a lemure
  4976 | D:4      | Killed Pikel
  4977 | D:4      | Reached skill level 5 in Poison Magic
  4977 | D:4      | Reached XP level 6. HP: 40/40 MP: 1/11
  4977 | D:4      | Reached XP level 7. HP: 45/45 MP: 1/12
  5174 | D:4      | Found a glowing silver altar of Zin.
  5211 | D:4      | Got the Omnibus of Nival Gases
  5432 | D:5      | Entered Level 5 of the Dungeon
  5465 | D:5      | Found a sand-covered staircase.
  5475 | Ossuary  | Entered an ossuary
  6184 | Ossuary  | Reached skill level 6 in Poison Magic
  7232 | Ossuary  | Reached XP level 8. HP: 41/51 MP: 14/14
  7350 | D:5      | Found a bloodstained altar of Trog.
  7720 | D:5      | Found a broken altar of Ashenzari.
  7762 | D:5      | HP: 1/51 [ice beast (14)]
  8159 | D:5      | Found a runed translucent gate.
  8159 | D:5      | Found a runed translucent gate.
  8159 | D:5      | Found a runed translucent gate.
  8195 | D:5      | Noticed Eddy6969's ghost (novice DrCj)
  8460 | D:5      | HP: 1/51 [orc warrior/+0 long sword (5)]
  9017 | D:6      | Reached skill level 7 in Poison Magic
  9174 | D:6      | Learned a level 3 spell: Frozen Ramparts
  9244 | D:6      | Found a radiant altar of Vehumet.
  9264 | D:6      | Became a worshipper of Vehumet
  9467 | D:6      | Reached skill level 5 in Spellcasting
  9467 | D:6      | Reached skill level 1 in Ice Magic
  9479 | D:6      | HP: 2/51 [something/puff of flame (13)]
  9743 | D:6      | Reached skill level 5 in Air Magic
 10006 | D:6      | Found Fevarau's Weapon Shoppe.
 10057 | D:6      | Reached XP level 9. HP: 20/55 MP: 7/16
 10067 | D:6      | Reached skill level 5 in Conjurations
 10067 | D:6      | HP: 1/82 [ice beast (12)]
 10077 | D:6      | HP: 1/82 [ice beast (6)]
 10079 | D:6      | Slain by an ice beast

Illustrated notes

Levels and vault maps discovered:
D:1:      dpeg_arrival_castle, layout_loops_ring
D:2:      wad_river_or_something, layout_loops_ring, uniq_jessica
D:3:      layout_basic, mainiacjoe_overflow_catwalk, kennysheep_generic_room_9,
          uniq_grinder
D:4:      layout_loops_ring, lemuel_tele_altar, nicolae_overflow_hidden_temple,
          minmay_temple_entry_mini_moons, uniq_pikel
D:5:      layout_basic, mainiacjoe_overflow_paths, kennysheep_mini,
          gammafunk_ghost_icy, gup_ossuary_entry_pyramid
D:6:      cheibrodos_barr_body, layout_gridville, lemuel_round_altar,
          serial_shops, nicolae_shop_peninsula
Temple:   nicolae_temple_bog_church

Skill      XL: |  1  2  3  4  5  6  7  8  9 |
---------------+----------------------------+-----
Fighting       | 1 2 |  2.3
Poison Magic   | 4 5 6 7 |  7.6
Air Magic      | 1 3 5 |  5.2
Conjurations   | 1 3 4 5 |  5.1
Spellcasting   | 3 4 5 |  5.4
Ice Magic      | 1 2 |  2.1
Dodging        | |  2.0
Stealth        | |  2.6
Transmutations | |  1.0

Action                     |  1- 3 |  4- 6 |  7- 9 || total
---------------------------+-------+-------+-------++-------
  Melee: Constrict         |    12 |    15 |    37 ||    64
         Unarmed           |     6 |       |       ||     6
         Spear             |    50 |       |       ||    50
         Tentacles         |     9 |    16 |    43 ||    68
         Mace              |       |    70 |   131 ||   201
         Punch             |       |       |     3 ||     3
   Cast: Sting             |    19 |     1 |       ||    20
         Poisonous Vapours |    11 |    41 |    19 ||    71
         Magic Dart        |       |    34 |    55 ||    89
         Mephitic Cloud    |       |     1 |     2 ||     3
         Olgreb's Toxic Ra |       |       |    10 ||    10
  Evoke: Wand              |       |       |    14 ||    14
    Use: Scroll            |       |     8 |     6 ||    14
         Potion            |       |       |    13 ||    13
   Stab: Sleeping          |     4 |     2 |     3 ||     9
 Armour: Skin              |     3 |    15 |    37 ||    55
  Dodge: Dodged            |    32 |    41 |    74 ||   147

Table legend: (Time is in decaauts)
 A = Elapsed time spent in this place.
 B = Non-inter-level travel time spent in this place.
 C = Inter-level travel time spent in this place.
 D = Time resting spent in this place.
 E = Time spent auto-exploring this place.
 F = Levels seen in this place.
 G = Mean time per level.
                   A        B        C        D        E       F      G
               +--------+--------+--------+--------+--------+-----+--------+
         Total |  10164 |   9981 |    183 |   4111 |   4691 |   8 | 1270.5 |
       Dungeon |   8145 |   7983 |    162 |   2792 |   4242 |   6 | 1357.5 |
        Temple |    157 |    137 |     20 |      0 |    128 |   1 |  157.0 |
       Ossuary |   1861 |   1861 |      0 |   1319 |    321 |   1 | 1861.0 |
               +--------+--------+--------+--------+--------+-----+--------+

Top non-repeatable levels by time:
 Ossuary: 1861 daAuts
     D:5: 1743 daAuts
     D:2: 1518 daAuts
     D:4: 1465 daAuts
     D:3: 1341 daAuts
     D:6: 1094 daAuts
     D:1: 981 daAuts
  Temple: 157 daAuts
